 Dungeon Crawl Stone Soup version 0.25.1-2-g60ff931df9 (webtiles) character file.

Game seed: 7071343601172243410

133 Delamore the Skirmisher (level 5, -7/34 HPs)
             Began as a Gargoyle Fighter on Sept 23, 2020.
             Mangled by a gnoll
             ... wielding a +0 flail
              (8 damage)
             ... on level 2 of the Dungeon.
             The game lasted 00:01:14 (1195 turns).

Delamore the Skirmisher (Gargoyle Fighter)          Turns: 1195, Time: 00:01:14

Health: -7/34      AC: 12    Str: 20    XL:     5   Next: 16%
Magic:  5/5        EV:  7    Int:  9    God:
Gold:   61         SH:  9    Dex:  9    Spells: 4/4 levels left

rFire    . . .     SeeInvis .   a - +0 flail
rCold    . . .     Gourm    .   c - +0 kite shield
rNeg     + . .     Faith    .   b - +0 scale mail
rPois    ∞         Spirit   .   (no helmet)
rElec    +         Reflect  .   (no cloak)
rCorr    .         Harm     .   k - +0 pair of gloves
MR       .....                  (no boots)
Stlth    ..........             (no amulet)
HPRegen  0.11/turn              (no ring)
MPRegen  0.09/turn              (no ring)

@: no status effects
A: negative energy resistance 1, electricity resistance, unbreathing,
petrification resistance, rot immunity, AC +4
a: no special abilities


You were on level 2 of the Dungeon.
You were not hungry.

You visited 1 branch of the dungeon, and saw 2 of its levels.

You collected 61 gold pieces.

Inventory:

Hand Weapons
 a - a +0 flail (weapon)
Armour
 b - a +0 scale mail (worn)
 c - a +0 kite shield (worn)
 k - a +0 pair of gloves (worn)
Scrolls
 g - 2 scrolls of remove curse {unknown}
 j - a scroll of identify {unknown}
 l - a scroll of random uselessness {unknown}
 o - a scroll of fear {unknown}
Potions
 d - a potion of might
 e - a potion of haste {unknown}
 i - a potion of berserk rage {unknown}
 m - a potion of brilliance {unknown}
 n - a potion of curing {unknown}
Comestibles
 f - 3 rations
 h - 2 chunks of flesh


   Skills:
 + Level 4.4 Fighting
 + Level 3.3 Maces & Flails
 - Level 3.2 Armour
 + Level 4.4 Shields


You had 4 spell levels left.
You didn't know any spells.
Your spell library was empty.

Dungeon Overview and Level Annotations

Branches:
Dungeon (2/15)

Altars:


Innate Abilities, Weirdness & Mutations

You are resistant to torment.
Your stone body is resilient. (AC +4)
You are immune to poison.
You resist negative energy. (rN+)
You are resistant to electric shocks. (rElec)
You can survive without breathing.
You are immune to petrification.
You are immune to rotting.


Message History

The gnoll hits you but does no damage. x2
You hit the gnoll but do no damage.
The gnoll is almost dead.
You block the gnoll's attack. The gnoll hits you.
* * * LOW HITPOINT WARNING * * *
You hit the gnoll.
You kill the gnoll!
You have reached level 5!
You hit the gnoll.
The gnoll is heavily wounded.
The gnoll hits you but does no damage.
You hit the gnoll.
The gnoll is heavily wounded.
You block the gnoll's attack.
You sock the gnoll!
You kill the gnoll!
You hit the gnoll.
The gnoll is lightly wounded.
The gnoll is no longer moving quickly. x2; The gnoll hits you with a +0 flail!
You die...

#.###.g..........##
...#+###.#.#.#......#
......g.g#............
.......g.#.#.#........
#'#......#............
#.......##..####'###..
####+#####g## .# #g# #
#@# #..........
#.#.##..#.# #.#.. ...#
# ### #.# #


You could see 2 gnolls.

Vanquished Creatures
  A gnoll shaman (D:2)
  3 gnolls (D:2)
  3 adders (D:2)
  3 dart slugs
  2 leopard geckos
  A ball python (D:1)
  5 bats
  A giant cockroach (D:1)
  7 goblins
  4 hobgoblins
  4 kobolds
  A quokka (D:2)
  2 frilled lizards (D:1)
  6 rats
43 creatures vanquished.

Notes
Turn   | Place    | Note
-------+----------+-------------------------------------------
     0 | D:1      | Delamore the Gargoyle Fighter began the quest for the Orb.
     0 | D:1      | Reached XP level 1. HP: 14/14 MP: 1/1
    83 | D:1      | Reached XP level 2. HP: 19/19 MP: 2/2
   386 | D:1      | Reached XP level 3. HP: 24/24 MP: 3/3
   904 | D:2      | Reached XP level 4. HP: 17/29 MP: 4/4
  1190 | D:2      | HP: 1/30 [gnoll (6)]
  1191 | D:2      | Reached XP level 5. HP: 1/34 MP: 5/5
  1195 | D:2      | Mangled by a gnoll

Illustrated notes

Levels and vault maps discovered:
D:1:      nzn_arrival_settlement, layout_loops_cross, minivault_23,
          minmay_tromino_v4_a
D:2:      layout_basic, minitemple, serial_glass, glass_columns_b,
          glass_columns_b, glass_columns_b, glass_columns_a, glass_columns_a,
          glass_columns_a, glass_columns_b, glass_columns_a, glass_columns_c,
          glass_columns_a, lemuel_altar_in_water, uniq_crazy_yiuf_cottage

Skill      XL: |  1  2  3  4 |
---------------+-------------+-----
Fighting       | 4 |  4.4
Shields        | 4 |  4.4
Maces & Flails | 3 |  3.3
Armour         | |  3.2

Action                   |  1- 3 |  4- 6 || total
-------------------------+-------+-------++-------
Melee: Flail             |   142 |    40 ||   182
  Eat: Chunk             |       |     1 ||     1
Armor: Scale mail        |   130 |    26 ||   156
Dodge: Dodged            |    69 |    18 ||    87
Block: Kite shield       |    99 |    26 ||   125
